 Dungeon Crawl Stone Soup version 0.23.0-2-g0fe3ce5905 (webtiles) character file.

Game seed: 17491895932768151752

88 Laan the Skirmisher (level 4, -6/29 HPs)
             Began as a Gargoyle Monk on Feb 20, 2019.
             Mangled by a gnoll
             ... wielding a +2 flail of protection
              (8 damage)
             ... on level 2 of the Dungeon.
             The game lasted 00:01:49 (1141 turns).

Laan the Skirmisher (Gargoyle Monk)                 Turns: 1141, Time: 00:01:49

Health: -6/29      AC: 12    Str: 15    XL:     4   Next: 53%
Magic:  4/4        EV:  4    Int: 11    God:
Gold:   56         SH:  7    Dex: 12    Spells: 3/3 levels left

rFire    . . .     SeeInvis .   a - +0 hand axe
rCold    . . .     Gourm    .   n - +0 shield
rNeg     + . .     Faith    .   o - +0 chain mail
rPois    ∞         Spirit   .   (no helmet)
rElec    +         Reflect  .   (no cloak)
rCorr    .         Harm     .   (no gloves)
MR       .....                  (no boots)
Stlth    ..........             (no amulet)
HPRegen  0.09/turn              (no ring)
MPRegen  0.09/turn              (no ring)

@: no status effects
A: negative energy resistance 1, electricity resistance, unbreathing,
petrification resistance, rot immunity, AC +3
a: no special abilities


You were on level 2 of the Dungeon.
You were not hungry.

You visited 1 branch of the dungeon, and saw 2 of its levels.

You collected 56 gold pieces.

Inventory:

Hand Weapons
 a - a +0 hand axe (weapon)
Missiles
 j - 6 javelins (quivered)
Armour
 n - a +0 shield (worn)
 o - a +0 chain mail (worn)
Scrolls
 e - 2 scrolls of remove curse {unknown}
 f - 3 scrolls of identify {unknown}
 h - a scroll of teleportation {unknown}
 i - a scroll of fear {unknown}
Potions
 d - a potion of invisibility {unknown}
 g - a potion of agility {unknown}
 k - 2 potions of heal wounds {unknown}
 l - 3 potions of curing {unknown}
Comestibles
 c - 4 rations
 m - 5 chunks of flesh


   Skills:
 + Level 3.8 Fighting
 * Level 3.5 Axes
 + Level 2.2 Armour
 - Level 2.4 Dodging
 - Level 2.1 Stealth
 * Level 1.2 Shields


You had 3 spell levels left.
You didn't know any spells.
Your spell library was empty.

Dungeon Overview and Level Annotations

Branches:
Dungeon (2/15)

Altars:
Trog


Innate Abilities, Weirdness & Mutations

You are resistant to torment.
Your stone body is resilient. (AC +3)
You are immune to poison.
You resist negative energy. (rN+)
You are resistant to electric shocks. (rElec)
You can survive without breathing.
You are immune to petrification.
You are immune to rotting.


Message History

The gnoll hits you with a +0 halberd!
* * * LOW HITPOINT WARNING * * *
You are too injured to fight recklessly!
You are too injured to fight recklessly!
You are too injured to fight recklessly!
You hit the gnoll.
The gnoll is heavily wounded.
You block the gnoll's attack.
You hit the gnoll.
The gnoll is severely wounded.
The gnoll hits you with a +0 halberd.
* * * LOW HITPOINT WARNING * * *
You hit the gnoll.
You kill the gnoll!
You closely miss the gnoll.
The gnoll hits you with a +2 flail of protection.
* * * LOW HITPOINT WARNING * * *
You closely miss the gnoll.
The gnoll hits you with a +2 flail of protection!
You die...

# #.#
#.#.##.#
# #.#
#.#.##.#
# #.#
#.#....#
###.#
#.##.#
....#
####.###
....#
#[..<..#
...##
#.#.##.#
...#
#.#..#)#
...#
#.#..#@#
...#
#.#.##g#
...#
#.#.##l#
...#
#.#..#l#
..
#.##.#.#
#.# #.#
#.#


You could see a gnoll, a leopard gecko and a frilled lizard.

Vanquished Creatures
  3 adders (D:2)
  3 gnolls (D:2)
  A worm (D:2)
  A leopard gecko (D:2)
  A ball python (D:2)
  5 goblins
  A hobgoblin (D:1)
  4 kobolds
  4 bats
  3 frilled lizards
  4 rats
30 creatures vanquished.

Notes
Turn   | Place    | Note
-------+----------+-------------------------------------------
     0 | D:1      | Laan the Gargoyle Monk began the quest for the Orb.
     0 | D:1      | Reached XP level 1. HP: 14/14 MP: 1/1
   108 | D:1      | Reached XP level 2. HP: 14/19 MP: 2/2
   109 | D:1      | Reached skill level 1 in Armour
   648 | D:2      | Reached XP level 3. HP: 15/23 MP: 3/3
   903 | D:2      | Found a bloodstained altar of Trog.
  1036 | D:2      | Reached XP level 4. HP: 25/29 MP: 4/4
  1131 | D:2      | Reached skill level 1 in Shields
  1141 | D:2      | Mangled by a gnoll

Skill      XL: |  1  2  3  4 |
---------------+-------------+-----
Armour         | 1 2 |  2.2
Axes           | 3 |  3.5
Shields        | 1 |  1.2
Fighting       | |  3.8
Dodging        | |  2.4
Stealth        | |  2.1

Action                   |  1- 3 |  4- 6 || total
-------------------------+-------+-------++-------
Melee: Hand axe          |    78 |    21 ||    99
  Eat: Chunk             |       |     1 ||     1
Armor: Robe              |    33 |       ||    33
       Chain mail        |       |     9 ||     9
Dodge: Dodged            |    67 |     5 ||    72
Block: Shield            |    11 |     8 ||    19
